 Dungeon Crawl Stone Soup version 0.25-a0-591-g2ad0d86 (webtiles) character file.

Game seed: 14499591439890850283, levelgen mode: deterministic

620 Faels the Covert (level 7, 0/49 HPs)
             Began as a Spriggan Assassin on Mar 13, 2020.
             Succumbed to poison (a dart trap)
             ... in an ossuary.
             The game lasted 00:12:43 (4071 turns).

Faels the Covert (Spriggan Assassin)                Turns: 4071, Time: 00:12:43

Health: 0/49       AC: 23    Str:  5    XL:     7   Next: 22%
Magic:  8/8        EV:  4    Int: 13    God:
Gold:   162        SH:  0    Dex: 19    Spells: 6/6 levels left

rFire    . . .     SeeInvis +   a - +3 dagger
rCold    . . .     Gourm    .   (shield restricted)
rNeg     + + +     Faith    .   (armour currently unavailable)
rPois    +         Spirit   .   (helmet currently unavailable)
rElec    .         Reflect  .   (cloak currently unavailable)
rCorr    .         Harm     .   (gloves unavailable)
MR       +....     NoTele   +   (boots unavailable)
Stlth    ++++++....             (no amulet)
HPRegen  0.16/turn              g - ring of stealth
MPRegen  0.11/turn              c - ring of positive energy

@: lethally poisoned (0 -> -7), tree-form
A: very small, unfitting armour, see invisible, herbivore, slow metabolism 2,
weak 1
a: no special abilities


You were in an ossuary.
You were not hungry.
You were a tree.
You visited 1 branch of the dungeon, and saw 4 of its levels.
You also visited: Ossuary.

You collected 162 gold pieces.

Inventory:

Hand Weapons
 a - a +3 dagger (weapon)
 m - a cursed -3 trident
Missiles
 d - 18 poisoned darts
 e - 4 curare-tipped darts
 p - 4 boomerangs (quivered)
Armour
 b - a +0 robe (melded)
 q - a +0 cloak (melded)
Jewellery
 c - a ring of positive energy (right branch)
 g - a ring of stealth (left branch)
 k - an uncursed ring of wizardry {unknown}
 n - a cursed -3 ring of intelligence {unknown}
 o - an uncursed amulet of faith
Wands
 i - a wand of enslavement (8)
Scrolls
 j - a scroll of amnesia
 r - a scroll of identify
Potions
 h - a potion of brilliance
Comestibles
 f - 11 rations


   Skills:
 - Level 1.5 Fighting
 - Level 6.4 Short Blades
 - Level 2.0 Throwing
 - Level 1.5 Dodging
 + Level 10.3 Stealth


You had 6 spell levels left.
You didn't know any spells.
Your spell library was empty.

Dungeon Overview and Level Annotations

Branches:
Dungeon (4/15)            Ossuary (1/1)
 Temple: D:4-7

Altars:
Yredelemnul


Innate Abilities, Weirdness & Mutations

You are very small and have problems with some larger weapons.
You are too small for most types of armour.
You have supernaturally acute eyesight. (SInv)
You are a herbivore.
((You cover ground extremely quickly.))
You need to consume almost no food.
((You are partially covered in molten scales. (AC +2)))
You are weak. (Str -2)


Message History

You feel sick.
Throwing (i - inventory. (/) - cycle)
p - 4 boomerangs (quivered)
Press: ? - help, Shift-Dir - straight line, f/p - mummy
Aim: a mummy (almost destroyed)
You throw a boomerang. The boomerang hits the mummy.
The mummy is almost destroyed.
* * * LOW HITPOINT WARNING * * *
You feel sick.
Throwing (i - inventory. (/) - cycle)
p - 4 boomerangs (quivered)
Press: ? - help, Shift-Dir - straight line, f/p - mummy
Aim: a mummy (almost destroyed)
You throw a boomerang. The boomerang barely misses the mummy.
The boomerang hits the mummy!
The mummy is severely damaged.
* * * LOW HITPOINT WARNING * * *
You feel sick. The mummy hits you.
* * * LOW HITPOINT WARNING * * *
You hit the mummy.
You destroy the mummy!
You die...

#...# #^ ###'# ##
#^^^# #^ #^^^# #^
#^^^# #^ #^^.# #^
##M## ## #...# #.
#.♣.# #. #...# #.
#...# #.
#'#################
#^^^#...#..^^#...'^
#.^^'...#^^^^#...#^
#∩..#...'^^^.'...#.
###################


You could see a mummy.

Vanquished Creatures
  A human (D:2)
  3 water moccasin zombies (Ossuary)
  An orc wizard (D:3)
  An iguana (D:3)
  Ijyb (D:3)
  2 worker ants (D:4)
  3 big kobold zombies (Ossuary)
  A mummy (Ossuary)
  An adder (D:4)
  5 adder zombies (Ossuary)
  6 worms
  2 dart slugs (D:1)
  2 leopard geckos
  3 orcs
  2 ball pythons
  3 bats
  2 giant cockroaches
  A gnoll zombie (Ossuary)
  5 goblins
  4 hobgoblins
  2 jackals (D:4)
  A quokka (D:3)
  A goblin zombie (D:2)
  7 hobgoblin zombies (Ossuary)
  4 kobolds
  7 kobold zombies
  6 orc zombies (Ossuary)
  21 rats
98 creatures vanquished.

Vanquished Creatures (collateral kills)
  An orc (D:4)
1 creature vanquished.

Grand Total: 99 creatures vanquished

Notes
Turn   | Place    | Note
-------+----------+-------------------------------------------
     0 | D:1      | Faels the Spriggan Assassin began the quest for the Orb.
     0 | D:1      | Reached XP level 1. HP: 10/10 MP: 2/2
    39 | D:1      | Reached skill level 6 in Stealth
   326 | D:1      | Reached XP level 2. HP: 14/14 MP: 3/3
  1299 | D:2      | Reached XP level 3. HP: 18/18 MP: 4/4
  1485 | D:2      | Found a runed translucent door.
  1485 | D:2      | Noticed a human
  1511 | D:2      | Found a basalt altar of Yredelemnul.
  1553 | D:2      | Killed a human
  1553 | D:2      | Reached skill level 5 in Short Blades
  1553 | D:2      | Reached skill level 7 in Stealth
  1553 | D:2      | Reached XP level 4. HP: 7/22 MP: 5/5
  1553 | D:2      | Reached XP level 5. HP: 8/25 MP: 6/6
  2621 | D:3      | Noticed Ijyb
  2660 | D:3      | Gained mutation: You are weak. (Str -2) [potion of
                  | mutation]
  2660 | D:3      | Gained mutation: You are partially covered in molten
                  | scales. (AC +2) [potion of mutation]
  2700 | D:3      | Killed Ijyb
  2700 | D:3      | Reached skill level 8 in Stealth
  2700 | D:3      | Reached XP level 6. HP: 30/30 MP: 7/7
  3531 | D:4      | Found a sand-covered staircase.
  3536 | Ossuary  | Entered an ossuary
  4001 | Ossuary  | Reached skill level 9 in Stealth
  4033 | Ossuary  | Reached XP level 7. HP: 33/33 MP: 8/8
  4034 | Ossuary  | Reached skill level 10 in Stealth
  4070 | Ossuary  | HP: 1/49 [mummy (4)]
  4071 | Ossuary  | Succumbed to poison (a dart trap)

Levels and vault maps discovered:
D:1:      eino_arrival_water_cross, layout_loops_ring
D:2:      layout_basic, dk_yredelemnul_ordeal
D:3:      layout_basic, minmay_crystal_room, minmay_rat_hole, uniq_ijyb
D:4:      layout_cave_pools, enter_ossuary_2, first_ration
Ossuary:  ossuary_tomb_2

Skill      XL: |  1  2  3  4  5  6  7 |
---------------+----------------------+-----
Stealth        | 6 7 8 9 10 | 10.3
Short Blades   | 3 5 6 |  6.4
Fighting       | |  1.5
Throwing       | |  2.0
Dodging        | |  1.5

Action                   |  1- 3 |  4- 6 |  7- 9 || total
-------------------------+-------+-------+-------++-------
Melee: Dagger            |    67 |   265 |     9 ||   341
Throw: Dart              |    18 |    16 |       ||    34
       Boomerang         |       |       |    11 ||    11
Evoke: Wand              |       |     2 |       ||     2
  Use: Scroll            |     2 |     7 |       ||     9
       Potion            |       |     7 |     1 ||     8
 Stab: Sleeping          |     5 |    24 |     2 ||    31
  Eat: Ration            |       |     1 |       ||     1
Armor: Robe              |     7 |    28 |       ||    35
       Skin              |       |    63 |       ||    63
Dodge: Dodged            |    39 |   149 |     3 ||   191

Table legend:
 A = Non-vault XP
 B = Vault XP
 C = Vault XP percentage of total XP
 D = Non-vault monster count
 E = Vault monster count
 F = Vault count percentage of total count
                 A         B        C        D         E       F
            +---------+---------+-------+---------+---------+-------
      Total |     255 |     631 |  71.2 |      44 |      55 |  55.6
            +---------+---------+-------+---------+---------+-------
        D:1 |      26 |       0 |   0.0 |      12 |       0 |   0.0
        D:2 |      22 |     202 |  90.2 |      10 |       3 |  23.1
        D:3 |     104 |      56 |  35.0 |      12 |      20 |  62.5
        D:4 |     103 |       0 |   0.0 |      10 |       0 |   0.0
    Ossuary |       0 |     373 | 100.0 |       0 |      32 | 100.0
            +---------+---------+-------+---------+---------+-------
